 Dungeon Crawl Stone Soup version 0.32-a0-42-ga30500b4d3 (webtiles) character file.

Game seed: 592341294931430074

135 AkujiAZ the Poker (level 5, -2/42 HPs)
             Began as a Ghoul Gladiator on Jan 26, 2024.
             Slain by a hobgoblin (3 damage)
             ... led by Robin
             ... on level 3 of the Dungeon.
             The game lasted 00:08:37 (2182 turns).

AkujiAZ the Poker (Ghoul Gladiator)                 Turns: 2182, Time: 00:08:37

Health: -2/42      AC:  4    Str: 20    XL:     5   Next: 18%
Magic:  5/5        EV: 12    Int: 13    God:
Gold:   4          SH:  0    Dex: 10    Spells: 4/4 levels left

rFire   . . .        a - +0 trident
rCold   + . .        (no shield)
rNeg    + + +        b - +0 leather armour
rPois   ∞            c - +0 helmet
rElec   .            (no cloak)
rCorr   .            (no gloves)
SInv    .            (no boots)
Will    .....        (no amulet)
Stlth   +            j - +6 ring of intelligence
HPRegen 0.00/turn    (no ring)
MPRegen 0.09/turn

%: no passive effects
@: inhibited regen
A: claws 1, cold resistance 1, negative energy resistance 3, inhibited
regeneration, torment resistance 2, devour on kill
a: no special abilities


You were on level 3 of the Dungeon.
You visited 1 branch of the dungeon, and saw 3 of its levels.

You collected 4 gold pieces.

Inventory:

Hand Weapons
 a - a +0 trident (weapon)
Missiles
 d - 3 throwing nets (quivered)
 e - a javelin
Armour
 b - a +0 leather armour (worn)
 c - a +0 helmet (worn)
 o - a +0 leather armour {eeee}
Jewellery
 j - a +6 ring of intelligence (left claw)
Scrolls
 g - 2 scrolls of identify {unknown}
 h - 2 scrolls of revelation {unknown}
 i - a scroll of immolation {unknown}
 k - a scroll of enchant weapon {unknown}
 l - a scroll of torment {unknown}
Potions
 f - a potion of degeneration {unknown}
 m - a potion of heal wounds {unknown}
 n - a potion of brilliance {unknown}
 p - a potion of curing {unknown}


   Skills:
 + Level 2.5 Fighting
 + Level 3.8 Polearms
 + Level 1.7 Throwing
 + Level 1.5 Armour
 + Level 3.6 Dodging
 + Level 0.3 Stealth


You had 4 spell levels left.
You didn't know any spells.
Your spell library contained the following spells:

 Spells                   Type           Power      Damage    Failure   Level
 Fugue of the Fallen      Necr           0%         N/A       71%         3
 Ozocubu's Armour         Ice            0%         N/A       71%         3
 Manifold Assault         Tloc           0%         N/A       98%         4


Dungeon Overview and Level Annotations

Branches:
Dungeon (3/15)

Altars:

Annotations:
D:3 Robin


Innate Abilities, Weirdness & Mutations

You are immune to poison.
You have sharp fingernails.
Your flesh is cold resistant. (rC+)
You are immune to negative energy. (rN+++)
You do not regenerate when monsters are visible.
You are immune to unholy pain and torment.
You thrive by killing the living.


Message History

The hobgoblin closely misses you.
You barely miss the hobgoblin. The goblin hits you with a +0 club.
The goblin hits you but does no damage. The hobgoblin closely misses you.
The hobgoblin hits you.
The kobold shouts!
You hit the hobgoblin.
The hobgoblin is heavily wounded.
The goblin misses you. The goblin closely misses you.
The hobgoblin barely misses you.
A goblin comes into view. It is wielding a +0 club.
The goblin hits you with a +0 dagger. The hobgoblin hits you.
Robin roars a battlecry!
The goblin goes into a battle-frenzy!
The hobgoblin closely misses you.
You hear a shout!
You barely miss Robin. Robin hits you with a +0 dagger. The hobgoblin hits you.
The goblin misses you. The hobgoblin hits you.
The goblin hits you but does no damage.
You hit Robin.
Robin is moderately wounded.
A hobgoblin comes into view.
Robin hits you with a +0 dagger. The hobgoblin hits you.
* * * LOW HITPOINT WARNING * * *
The goblin barely misses you. x2; The hobgoblin barely misses you. x2
You hit Robin but do no damage.
Robin is moderately wounded.
Robin hits you with a +0 dagger.
* * * LOW HITPOINT WARNING * * *
The hobgoblin hits you.
* * * LOW HITPOINT WARNING * * *
The goblin misses you. The goblin barely misses you.
The kobold hits you with a +0 short sword.
* * * LOW HITPOINT WARNING * * *
The hobgoblin misses you. The hobgoblin barely misses you.
You hit Robin but do no damage.
Robin is moderately wounded.
A quokka comes into view.
Robin hits you but does no damage. The hobgoblin closely misses you.
The goblin closely misses you. The hobgoblin hits you.
You die...

#..# #..# ... .. .
#####################.#
..............$.gg....#
...............g@ggg..#
...............ggK....#
......................#
########.##.......:#...#
#.##........# ...
#.##....##### .r
#$##....# # #.##....#


You could see Robin, a quokka (wandering), 4 hobgoblins, 3 goblins and a kobold.

Vanquished Creatures
  8 adders (D:2)
  3 dart slugs
  3 ribbon worms (D:2)
  6 ball pythons
  5 endoplasms
  2 giant cockroaches (D:2)
  4 goblins
  4 hobgoblins
  5 quokkas
  5 bats
  A frilled lizard (D:2)
  2 kobolds (D:1)
  4 rats
52 creatures vanquished.

Notes
Turn   | Place    | Note
-------+----------+-------------------------------------------
     0 | D:1      | AkujiAZ the Ghoul Gladiator began the quest for the Orb.
     0 | D:1      | Reached XP level 1. HP: 17/17 MP: 1/1
    94 | D:1      | Reached XP level 2. HP: 19/24 MP: 2/2
   635 | D:1      | Reached XP level 3. HP: 29/29 MP: 3/3
  1183 | D:2      | Reached skill level 1 in Armour
  1183 | D:2      | Reached XP level 4. HP: 23/37 MP: 4/4
  1826 | D:2      | Reached XP level 5. HP: 37/42 MP: 5/5
  2172 | D:3      | Noticed Robin
  2181 | D:3      | HP: 1/42 [kobold/+0 short sword (3)]
  2182 | D:3      | Slain by a hobgoblin

Illustrated notes

Levels and vault maps discovered:
D:1:      evilmike_arrival_plus, layout_basic, serial_aquarium,
          aquarium_bridge_long_joined [aquarium_subvault_balcony,
          aquarium_subvault_wall, aquarium_subvault_bridge,
          aquarium_subvault_bridge, aquarium_subvault_balcony,
          aquarium_subvault_bridge], aquarium_window_1,
          aquarium_window_corridor_3, aquarium_window_fake, aquarium_view_2a,
          aquarium_view_2f, aquarium_balcony_5b, minmay_misc_feat_more_columns
D:2:      layout_loops_ring, hex_large, grunt_ministairs_13,
          minmay_snake_closets
D:3:      layout_basic, jmf_multi_god_temple, lemuel_crystal_altar,
          xom_butterflies, chequers_ecumenical_altar_twisty, st_stairs_6,
          uniq_grinder, uniq_robin, uniq_jessica

Skill      XL: |  1  2  3 |
---------------+----------+-----
Dodging        | 3 |  3.6
Polearms       | 3 |  3.8
Armour         | 1 |  1.5
Fighting       | |  2.5
Throwing       | |  1.7
Stealth        | |  0.3

Action                     |  1- 3 |  4- 6 || total
---------------------------+-------+-------++-------
  Melee: Trident           |    87 |    89 ||   176
 Armour: Leather armour    |    74 |    76 ||   150
  Dodge: Dodged            |    76 |    88 ||   164

Table legend: (Time is in decaauts)
 A = Elapsed time spent in this place.
 B = Non-inter-level travel time spent in this place.
 C = Inter-level travel time spent in this place.
 D = Time resting spent in this place.
 E = Time spent auto-exploring this place.
 F = Levels seen in this place.
 G = Mean time per level.
                   A        B        C        D        E       F      G
               +--------+--------+--------+--------+--------+-----+--------+
         Total |   2204 |   2204 |      0 |      0 |     31 |   3 |  734.7 |
       Dungeon |   2204 |   2204 |      0 |      0 |     31 |   3 |  734.7 |
               +--------+--------+--------+--------+--------+-----+--------+

Top non-repeatable levels by time:
     D:2: 1177 daAuts
     D:1: 995 daAuts
     D:3: 32 daAuts
